 Dungeon Sprint DCSS version 0.22.1-1-ga44c0e56f4 (webtiles) character file.

2430 MuseOD the Unseen (level 9, -5/53 HPs)
             Began as a Spriggan Enchanter on Sept 30, 2018.
             Was a Priest of Dithmenos.
             Slain by a two-headed ogre
             ... wielding a +0 giant club
              (25 damage)
             ... in the Dungeon (Sprint III: "The Ten Rune Challenge").
             The game lasted 00:02:32 (664 turns).

MuseOD the Unseen (Spriggan Enchanter)               Turns: 664, Time: 00:02:33

Health: -5/53      AC:  2    Str:  4    XL:     9   Next: 24%
Magic:  1/14       EV: 18    Int: 19    God:    Dithmenos [***...]
Gold:   51         SH:  0    Dex: 17    Spells: 4/13 levels left

rFire    . . .     SeeInvis +   a - +1 dagger
rCold    . . .     Gourm    .   (shield restricted)
rNeg     . . .     Faith    .   b - +0 robe
rPois    .         Spirit   .   (helmet restricted)
rElec    .         Reflect  .   (no cloak)
rCorr    .         Harm     .   (gloves unavailable)
MR       +....     NoTele   +   (boots unavailable)
Stlth    +++++++++.             (no amulet)
HPRegen  0.17/turn              (no ring)
MPRegen  0.14/turn              (no ring)

@: wreathed by umbra, very quick
A: very small, unfitting armour, see invisible, herbivore, speed 3, slow
metabolism 2
a: Shadow Step, Renounce Religion


You were in the Dungeon.
You worshipped Dithmenos.
Dithmenos was most pleased with you.
You were not hungry.

You visited 1 branch You collected 51 gold pieces.

Inventory:

Hand Weapons
 a - a +1 dagger (weapon)
Armour
 b - a +0 robe (worn)
Scrolls
 i - a scroll of immolation {unknown}
 j - a scroll of blinking
 k - 4 scrolls of identify {unknown}
 l - a scroll of remove curse {unknown}
 n - a scroll of torment {unknown}
 o - a scroll of fear {unknown}
Potions
 c - 3 potions of mutation {unknown}
 e - a potion of curing
 f - 2 potions of heal wounds
 g - a potion of haste
 h - 2 potions of magic
 m - 2 potions of flight {unknown}
 p - a potion of resistance {unknown}
 q - 2 potions of berserk rage
 r - a potion of might
Comestibles
 d - 5 rations


   Skills:
 + Level 9.0 Fighting
 * Level 15.5 Short Blades
 - Level 3.0 Dodging
 + Level 16.0 Stealth
 - Level 2.6 Spellcasting
 - Level 3.6 Hexes


You had 4 spell levels left.
You knew the following spells:

 Your Spells              Type           Power        Failure   Level  Hunger
a - Corona                Hex            ###....      3%          1    None
b - Ensorcelled Hibernat  Hex/Ice        #.....       12%         2    ##.....
c - Confuse               Hex            ###.....     11%         3    ###....
d - Dazzling Spray        Conj/Hex       #.....       22%         3    ###....

Your spell library contained the following spells:

 Spells                   Type           Power        Failure   Level  Hunger
 Confusing Touch          Hex            ###...       3%          1    None
 Tukima's Dance           Hex            ###.....     11%         3    ###....
 Animate Skeleton         Necr           N/A          16%         1    None
 Apportation              Tloc           #.....       16%         1    None
 Summon Small Mammal      Summ           #...         16%         1    None


Dungeon Overview and Level Annotations

Branches:
Dungeon (1/1)

Altars:
Dithmenos
Elyvilon
Kikubaaqudgha
Okawaru
Ru
Sif Muna
Trog
Uskayaw
Vehumet
Wu Jian
Yredelemnul
Zin
The Shining One
Beogh


Innate Abilities, Weirdness & Mutations

You are very small and have problems with some larger weapons.
You are too small for most types of armour.
You have supernaturally acute eyesight. (SInv)
You are a herbivore.
You cover ground extremely quickly.
You need to consume almost no food.


Message History

The two-headed ogre is moderately wounded.
The two-headed ogre closely misses you. x2
You hit the two-headed ogre but do no damage.
The two-headed ogre is moderately wounded.
The two-headed ogre stops glowing.
Casting: Corona (safe; 3% risk of failure)
Confirm with . or Enter, or press ? or * to list all spells.
Aiming: Corona (safe; 3% risk of failure)
Press: ? - help, Shift-Dir - straight line, f/p - two-headed ogre
Aim: a two-headed ogre, wielding two giant clubs (moderately wounded, umbra, The two-headed ogre is outlined in light.
The two-headed ogre barely misses you. The two-headed ogre closely misses you.
You hit the two-headed ogre but do no damage.
The two-headed ogre is moderately wounded.
You are too injured to fight recklessly!
You are too injured to fight recklessly!
You hit the two-headed ogre.
The two-headed ogre is moderately wounded.
The two-headed ogre hits you with a giant club!!
You die...

)#†_# ##'## ....#
....# ###+#
#...#+##############
#...#....#.#.#)O...#
#..O##.#..#.##.###)#
#..v'##)#O#.##.#@O##
+...#.O.#..#..##.)+
▓▓▓▓▓▓▓▓▓▓▓▓▓▓▓▓▓▓#


You could see a two-headed ogre.

Vanquished Creatures
  Erolcha (D)
  A deep elf mage (D)
  A shadow (D)
  A necrophage (D)
  4 two-headed ogres (D)
  A jelly (D)
  A wizard (D)
  A necromancer (D)
  A kobold demonologist (D)
  3 humans (D)
  An ooze (D)
  A phantom (D)
  3 rats (D)
20 creatures vanquished.

Vanquished Creatures (others)
  2 draconian scorchers (D)
  A hydra (D)
  6 hellions (D)
  A yaktaur (D)
  A plant (D)
11 creatures vanquished.

Grand Total: 31 creatures vanquished

Notes
Turn   | Place    | Note
-------+----------+-------------------------------------------
     0 | D        | MuseOD the Spriggan Enchanter began the quest for the Orb.
     0 | D        | Reached XP level 1. HP: 9/9 MP: 5/5
    14 | D        | Reached skill level 1 in Fighting
    14 | D        | Reached skill level 5 in Stealth
    86 | D        | Killed a hellion
   121 | D        | Killed a hellion
   124 | D        | Killed a hellion
   151 | D        | Killed a hellion
   156 | D        | Killed a hellion
   173 | D        | Reached skill level 6 in Stealth
   173 | D        | Reached XP level 2. HP: 6/15 MP: 6/6
   176 | D        | Reached XP level 3. HP: 8/18 MP: 8/8
   200 | D        | Killed a yaktaur
   202 | D        | Killed a white draconian scorcher
   203 | D        | Killed a four-headed hydra
   213 | D        | Learned a level 2 spell: Ensorcelled Hibernation
   217 | D        | Learned a level 3 spell: Confuse
   217 | D        | Killed a white draconian scorcher
   239 | D        | Killed a hellion
   388 | D        | Noticed a water elemental
   413 | D        | Found a basalt altar of Yredelemnul.
   413 | D        | Found a shadowy altar of Dithmenos.
   413 | D        | Found a sacrificial altar of Ru.
   413 | D        | Noticed a necrophage
   413 | D        | Noticed a necromancer
   415 | D        | Killed a necromancer
   415 | D        | Reached skill level 5 in Short Blades
   415 | D        | Reached skill level 7 in Stealth
   416 | D        | Killed a necrophage
   416 | D        | Reached skill level 9 in Stealth
   416 | D        | Reached XP level 4. HP: 25/25 MP: 9/9
   416 | D        | Reached XP level 5. HP: 29/29 MP: 10/10
   420 | D        | Became a worshipper of Dithmenos the Shadowed
   428 | D        | Found a glowing silver altar of Zin.
   428 | D        | Found a glowing golden altar of the Shining One.
   428 | D        | Found a white marble altar of Elyvilon.
   428 | D        | Noticed a deep elf mage
   431 | D        | Killed a deep elf mage
   431 | D        | Reached skill level 12 in Stealth
   431 | D        | Reached XP level 6. HP: 36/36 MP: 11/11
   431 | D        | Reached XP level 7. HP: 40/40 MP: 12/12
   445 | D        | Learned a level 3 spell: Dazzling Spray
   445 | D        | Found a radiant altar of Vehumet.
   445 | D        | Found a deep blue altar of Sif Muna.
   445 | D        | Found an ancient bone altar of Kikubaaqudgha.
   449 | D        | Reached * piety under Dithmenos
   463 | D        | Found a hide-covered altar of Uskayaw.
   463 | D        | Found a roughly hewn altar of Beogh.
   463 | D        | Found an iron altar of Okawaru.
   463 | D        | Found a bloodstained altar of Trog.
   463 | D        | Found an ornate altar of the Wu Jian Council.
   463 | D        | Noticed a human
   463 | D        | Noticed a human
   466 | D        | Killed a human
   466 | D        | Reached skill level 13 in Stealth
   467 | D        | Killed a human
   481 | D        | Noticed a shadow
   486 | D        | Killed a shadow
   486 | D        | Reached ** piety under Dithmenos
   486 | D        | Reached XP level 8. HP: 46/46 MP: 9/13
   618 | D        | Noticed a two-headed ogre
   621 | D        | Killed a two-headed ogre
   621 | D        | Reached skill level 14 in Stealth
   625 | D        | Noticed Erolcha
   626 | D        | Noticed a two-headed ogre
   628 | D        | Killed Erolcha
   628 | D        | Reached *** piety under Dithmenos
   628 | D        | Reached skill level 15 in Short Blades
   628 | D        | Reached skill level 15 in Stealth
   628 | D        | Reached XP level 9. HP: 31/52 MP: 2/14
   629 | D        | Killed a two-headed ogre
   636 | D        | Reached skill level 16 in Stealth
   664 | D        | Slain by a two-headed ogre

Skill      XL: |  1  2  3  4  5  6  7  8  9 |
---------------+----------------------------+-----
Fighting       | 2 3 6 7 8 9 |  9.0
Short Blades   | 4 7 11 13 15 | 15.5
Stealth        | 6 9 12 13 15 16 | 16.0
Dodging        | |  3.0
Spellcasting   | |  2.6
Hexes          | |  3.6

Action                   |  1- 3 |  4- 6 |  7- 9 || total
-------------------------+-------+-------+-------++-------
Melee: Dagger            |    31 |     1 |    32 ||    64
 Cast: Confuse           |       |       |     9 ||     9
       Corona            |       |       |     2 ||     2
  Use: Potion            |     1 |       |       ||     1
 Stab: Sleeping          |     3 |     1 |     8 ||    12
       Confused          |       |       |     3 ||     3
Armor: Robe              |     1 |       |       ||     1
Dodge: Dodged            |    13 |       |    25 ||    38
